 Dungeon Crawl Stone Soup version 0.31-a0-237-g2d982f9f85 (webtiles) character file.

Game seed: 8511412126193786050

55 qw the Shooter (level 3, -7/21 HPs)
             Began as a Gargoyle Hexslinger on July 10, 2023.
             Mangled by Natasha (8 damage)
             ... on level 2 of the Dungeon.
             The game lasted 00:00:22 (988 turns).

qw the Shooter (Gargoyle Hexslinger)                 Turns: 988, Time: 00:00:23

Health: -7/21      AC:  8    Str: 11    XL:     3   Next: 93%
Magic:  4/4        EV: 10    Int: 13    God:
Gold:   95         SH:  0    Dex: 14    Spells: 3/4 levels left

rFire   . . .        Y - +2 sling
rCold   . . .        (no shield)
rNeg    + . .        j - +0 ring mail
rPois   inf          (no helmet)
rElec   +            (no cloak)
rCorr   .            (no gloves)
SInv    .            (no boots)
Will    .....        (no amulet)
Stlth   +            (no ring)
HPRegen 0.23/turn    (no ring)
MPRegen 0.09/turn

%: no passive effects
@: no status effects
A: sickness immunity, AC +3, negative energy resistance 1, electricity
resistance, torment resistance 1, petrification resistance
a: no special abilities


You were on level 2 of the Dungeon.
You visited 1 branch of the dungeon, and saw 2 of its levels.

You collected 95 gold pieces.


Innate Abilities, Weirdness & Mutations

You are immune to sickness and miasma.
Your stone body is resilient. (AC +3)
You are immune to poison.
You resist negative energy. (rN+)
You are resistant to electric shocks. (rElec)
You are resistant to unholy torment.
You are immune to petrification.


   Skills:
 - Level 2.0 Fighting
 + Level 3.8 Ranged Weapons
 - Level 1.5 Dodging
 - Level 1.0 Spellcasting
 - Level 2.6 Hexes


You had 3 spell levels left.
You knew the following spells:

 Your Spells              Type           Power      Damage    Failure   Level
a - Slow                  Hex            28%        N/A       22%         1

Your spell library contained the following spells:

 Spells                   Type           Power      Damage    Failure   Level
 Inner Flame              Hex/Fire       4%         N/A       75%         3
 Portal Projectile        Hex/Tloc       8%         N/A       75%         3
 Cause Fear               Hex            3%         N/A       92%         4

Inventory:

Hand Weapons
 Y - a +2 sling (weapon)
Armour
 j - a +0 ring mail (worn)
Scrolls
 d - a scroll of identify
Potions
 b - a potion of curing {unknown}
 c - a potion of mutation {unknown}
 e - a potion of might {unknown}
 f - a potion of lignification {unknown}
 i - a potion of resistance {unknown}

Dungeon Overview and Level Annotations

Branches:
Dungeon (2/15)

Altars:

Shops:
D:2 ((

Annotations:
D:2 Natasha


Message History

The cerulean imp hits you but does no damage.
The cerulean imp closely misses you.
Natasha stares at you and mumbles some strange words.
The magic dart hits you. The cerulean imp closely misses you.
980 ||| READING scroll of teleportation.
As you read the scroll of teleportation, it crumbles to dust.
You feel strangely unstable.
The cerulean imp hits you with a +2 spear.
The cerulean imp closely misses you. Natasha claws you but does no damage.
The cerulean imp hits you but does no damage.
You shoot a sling bullet. The sling bullet hits Natasha!
You kill Natasha!
Natasha yowls pathetically as she dies!
The cerulean imp disappears in a puff of smoke! x3
You start resting.
Your surroundings suddenly seem different.
Natasha, Servant of Life and Death comes into view.
Enter note:
Enter note:
Enter note:
Enter note: You shoot a sling bullet.
The sling bullet hits Natasha.
Natasha is moderately wounded.
Natasha howls an incantation.
Natasha's front paws start to glow.
Natasha claws you but does no damage.
You shoot a sling bullet. The sling bullet barely misses Natasha.
Natasha casts a spell.
You shoot a sling bullet.
The sling bullet closely misses Natasha.
Natasha casts a spell.
You shoot a sling bullet.
The sling bullet hits Natasha but does no damage.
Natasha is moderately wounded.
Natasha casts a spell at you. You resist with significant effort.
The cerulean imp hits you but does no damage.
The cerulean imp hits you with a +2 spear.
Natasha claws you!
You die...

.(.
.......#..##..#
##. ..# #....##
#.# #
...#.....###..##
###.##.#.........
.........##......
##....#.###.....
#######...........
#...# #...#.......
#@..###.#...#.....
#h5.##......# ###
#5..#...###.#
###### #......##
#>### ## #....#
#...#### #...###.
#[...# #...#
###..... #....####
#...# #>....
#.......#########
##.....
#....##.........#
#......


You could see Natasha and 2 cerulean imps.

Vanquished Creatures
  Natasha (D:2)
  A dart slug (D:1)
  3 ball pythons
  A bat (D:2)
  An endoplasm (D:2)
  2 goblins (D:2)
  4 hobgoblins
  3 jackals (D:2)
  3 kobolds (D:2)
  A quokka (D:1)
  4 frilled lizards
24 creatures vanquished.

Notes
Turn   | Place    | Note
-------+----------+-------------------------------------------
     0 | D:1      | qw the Gargoyle Hexslinger began the quest for the Orb.
     0 | D:1      | Reached XP level 1. HP: 12/12 MP: 2/2
     0 | D:1      | 0 ||| qw: Version: 0.3-a-52-g30416fa
     0 | D:1      | 0 ||| qw: Game counter: 5282
     0 | D:1      | 0 ||| qw: Melee chars always use a shield: true
     0 | D:1      | 0 ||| qw: God list: Okawaru
     0 | D:1      | 0 ||| qw: Allow faded altars: false
     0 | D:1      | 0 ||| qw: Do Orc after clearing Dungeon:15 true
     0 | D:1      | 0 ||| qw: Do second Lair branch before Depths: true
     0 | D:1      | 0 ||| qw: Lair rune preference: random
     0 | D:1      | 0 ||| qw: Goals: Normal
     0 | D:1      | 0 ||| PLANNING D:1-11
   255 | D:1      | Reached XP level 2. HP: 16/16 MP: 3/3
   559 | D:1      | 559 ||| UPGRADING to +0 ring mail.
   569 | D:1      | 569 ||| DROPPING +0 robe.
   570 | D:1      | 570 ||| READING 2 scrolls labelled QOISEO PEUXEPN.
   573 | D:1      | 573 ||| READING scroll labelled ASHUTI TOLOIM.
   574 | D:1      | 574 ||| READING scroll labelled GAZUNUXTOS.
   575 | D:1      | 575 ||| READING scroll labelled OLIWETHR VEESE.
   576 | D:1      | 576 ||| DROPPING scroll of poison.
   631 | D:2      | Found Kefoe's Antique Weapon Shoppe.
   635 | D:2      | Reached skill level 3 in Ranged Weapons
   642 | D:2      | 642 ||| SHOPLISTING glowing arbalest (120 gold, have 65).
   683 | D:2      | Found Seske's Antique Weapon Emporium.
   823 | D:2      | Reached XP level 3. HP: 21/21 MP: 4/4
   966 | D:2      | Noticed Natasha
   979 | D:2      | HP: 4/21 [Natasha/magic dart (3)]
   980 | D:2      | 980 ||| READING scroll of teleportation.
   981 | D:2      | Killed Natasha
   984 | D:2      | Noticed Natasha
   988 | D:2      | HP: 1/21 [cerulean imp/+2 spear[Natasha] (5)]
   988 | D:2      | Mangled by Natasha

Levels and vault maps discovered:
D:1:      dpeg_chamrin_arrival_tetris, layout_loops_ring,
          chequers_serial_rivers_room_b
D:2:      layout_rooms, serial_shops, nicolae_shop_trees, shop, uniq_natasha

Skill      XL: |  1  2 |
---------------+-------+-----
Ranged Weapons | 3 |  3.8
Fighting       | 2 |  2.0
Dodging        | |  1.5
Spellcasting   | |  1.0
Hexes          | |  2.6

Action                     || total
---------------------------++-------
   Fire: Sling             ||    86
    Use: Scroll            ||     5
 Armour: Ring mail         ||    22
  Dodge: Dodged            ||    37

Table legend:
 A = Non-vault XP
 B = Vault XP
 C = Vault XP percentage of total XP
 D = Non-vault monster count
 E = Vault monster count
 F = Vault count percentage of total count
                 A         B        C        D         E       F
            +---------+---------+-------+---------+---------+-------
      Total |      43 |      36 |  45.6 |      23 |       1 |   4.2
            +---------+---------+-------+---------+---------+-------
        D:1 |      18 |       0 |   0.0 |       9 |       0 |   0.0
        D:2 |      25 |      36 |  59.0 |      14 |       1 |   6.7
            +---------+---------+-------+---------+---------+-------
